 Dungeon Crawl Stone Soup version 0.26-a0-648-g87339cca5e (webtiles) character file.

Game seed: 3891950355695288708

8 knot the Chopper (level 2, 8/36 HPs)
             Began as a Demonspawn Berserker on Sept 26, 2020.
             Was a Follower of Trog.
             Quit the game on level 1 of the Dungeon.
             The game lasted 00:00:33 (444 turns).

knot the Chopper (Demonspawn Berserker)              Turns: 444, Time: 00:00:33

Health: 8/36       AC:  2    Str: 17    XL:     2   Next: 0%
Magic:  2/2        EV: 12    Int:  8    God:    Trog [*.....]
Gold:   17         SH:  0    Dex: 12    Spells: 1/1 levels left

rFire    . . .     SeeInvis .   a - +0 hand axe
rCold    + . .     Faith    .   (no shield)
rNeg     . . .     Spirit   .   b - +0 animal skin
rPois    .         Reflect  .   (no helmet)
rElec    .         Harm     .   (no cloak)
rCorr    .         Rampage  .   (no gloves)
MR       .....                  (no boots)
Stlth    ..........             (no amulet)
HPRegen  0.12/turn              (no ring)
MPRegen  0.08/turn              (no ring)

@: berserking, very quick
A: cold resistance 1
a: Berserk, Renounce Religion


You were on level 1 of the Dungeon.
You worshipped Trog.
Trog was aware of your devotion.
You visited 1 branch of the dungeon, and saw 1 of its levels.

You collected 17 gold pieces.

Inventory:

Hand Weapons
 a - a +0 hand axe (weapon)
Armour
 b - a +0 animal skin (worn)
Potions
 c - a potion of flight {unknown}
 d - a potion of degeneration {unknown}


   Skills:
 - Level 3.0 Fighting
 + Level 3.2 Axes
 - Level 1.7 Armour
 - Level 1.7 Dodging


You had one spell level left.
You didn't know any spells.
Your spell library was empty.

Dungeon Overview and Level Annotations

Branches:
Dungeon (1/15)

Altars:


Innate Abilities, Weirdness & Mutations

Your flesh is cold resistant. (rC+)


Message History

You barely miss the frilled lizard.
The frilled lizard is heavily wounded.
You hit the hobgoblin but do no damage. The frilled lizard bites you.
The hobgoblin completely misses you.
You barely miss the frilled lizard.
The frilled lizard is heavily wounded.
You hit the hobgoblin but do no damage. The frilled lizard bites you.
The hobgoblin closely misses you.
A red film seems to cover your vision as you go berserk!
You feel yourself moving faster!
You feel mighty! The frilled lizard bites you. The hobgoblin hits you.
* * * LOW HITPOINT WARNING * * *
You slash the hobgoblin!
You kill the hobgoblin!
Trog accepts your kill.
You have reached level 2!
Your demonic ancestry asserts itself...
You feel resistant to cold.
You miss the frilled lizard. The frilled lizard barely misses you.
Are you sure you want to abandon this character and quit the game? (Confirm with "yes".)

.[........# ..........#
#......# ..........#
#......###
.........######.........
#............ ..........
..........# #.........
..........# #......#
......).[.#####..l...###
..............$.@†......
########.......#########
...#.(.#.......#
...#...#>......#
#'###'##.........
.......#.......!..
#......#........#..
.......##.##.####..
#'###'##


You could see a frilled lizard.

Vanquished Creatures
  3 giant cockroaches (D:1)
  A goblin (D:1)
  A hobgoblin (D:1)
  A bat (D:1)
  A rat (D:1)
7 creatures vanquished.

Vanquished Creatures (others)
  3 fungi (D:1)
3 creatures vanquished.

Grand Total: 10 creatures vanquished

Notes
Turn   | Place    | Note
-------+----------+-------------------------------------------
     0 | D:1      | knot the Demonspawn Berserker began the quest for the Orb.
     0 | D:1      | Reached XP level 1. HP: 18/18 MP: 1/1
   443 | D:1      | Gained mutation: Your flesh is cold resistant. (rC+)
                  | [demonic ancestry]
   443 | D:1      | Reached XP level 2. HP: 8/24 MP: 2/2
   444 | D:1      | Quit the game

Illustrated notes

Levels and vault maps discovered:
D:1:      dpeg_arrival_prison, layout_rooms

Skill      XL: |  1 |
---------------+----+-----
Axes           | 3 |  3.2
Fighting       | |  3.0
Armour         | |  1.7
Dodging        | |  1.7

Action                   || total
-------------------------++-------
Melee: Hand axe          ||    33
Invok: Berserk           ||     1
Armor: Animal skin       ||     5
Dodge: Dodged            ||    35

Table legend: (Time is in decaauts)
 A = Elapsed time spent in this place.
 B = Non-inter-level travel time spent in this place.
 C = Inter-level travel time spent in this place.
 D = Time resting spent in this place.
 E = Time spent auto-exploring this place.
 F = Levels seen in this place.
 G = Mean time per level.
                   A        B        C        D        E       F      G
               +--------+--------+--------+--------+--------+-----+--------+
         Total |    448 |    448 |      0 |    320 |     67 |   1 |  448.0 |
       Dungeon |    448 |    448 |      0 |    320 |     67 |   1 |  448.0 |
               +--------+--------+--------+--------+--------+-----+--------+

Top non-repeatable levels by time:
     D:1: 448 daAuts
